 Dungeon Crawl Stone Soup version 0.27-a0-404-g4390dbc5be (webtiles) character file.

Game seed: 7963632750743609093

135144 Nattfarinn the Nimble (level 17, -2/132 (135) HPs)
             Began as a Merfolk Ice Elementalist on Feb 21, 2021.
             Was the Champion of Vehumet.
             Shot with a bolt by a naga sharpshooter (9 damage)
             ... on level 1 of the Snake Pit on Feb 22, 2021.
             The game lasted 02:44:04 (29208 turns).

Nattfarinn the Nimble (Merfolk Ice Elementalist)   Turns: 29208, Time: 02:44:04

HP:   -2/132 (135)  AC: 19    Str: 23    XL:     17   Next: 18%
MP:   30/30         EV: 18    Int: 28    God:    Vehumet [******]
Gold: 1278          SH:  0    Dex: 15    Spells: 14/34 levels left

rFire    + + .     SeeInvis +   f - +7 great mace "Firestarter" {inner flame, rF++}
rCold    + + .     Faith    .   (shield currently unavailable)
rNeg     + + .     Spirit   .   o - +1 scale mail of Qomeijal {rN+ Will+ Str+7}
rPois    +         Reflect  .   U - +2 helmet {Int+3}
rElec    .         Harm     .   K - +2 cloak of Daisies {Int+3}
rCorr    +         Rampage  .   h - +0 pair of gloves
Will     ++...                  M - +0 pair of boots
Stlth    +.........             F - amulet of Fouff {rPois rN+ Regen+ Str+4 SInv}
HPRegen  1.32/turn              I - ring of Surprise {rCorr Str+3 Int+2}
MPRegen  0.22/turn              C - ring of protection from cold

@: lethally poisoned (-2 -> -3), very slightly contaminated, lightly drained,
invisible
A: change form in water, swift swim, stealthy swim, cold resistance 1
a: Renounce Religion


You were on level 1 of the Snake Pit.
You worshipped Vehumet.
Vehumet was exalted by your worship.
You visited 5 branches of the dungeon, and saw 26 of its levels.

You collected 2407 gold pieces.
You spent 1129 gold pieces at shops.

Inventory:

Hand Weapons
 f - the +7 great mace "Firestarter" (weapon) {inner flame, rF++}
   (You found it on level 6 of the Lair of Beasts)

   It has been specially enchanted to burn those struck by it, causing extra
   injury to most foes and up to half again as much damage against particularly
   susceptible opponents.
   It greatly protects you from fire.
Missiles
 L - 8 silver javelins
Armour
 g - a +0 cloak
 h - a +0 pair of gloves (worn)
 o - the +1 scale mail of Qomeijal (worn) {rN+ Will+ Str+7}
   (You bought it in a shop on level 2 of the Orcish Mines)

   It affects your strength (+7).
   It protects you from negative energy.
   It affects your willpower, your defense against some magical effects.
 K - the +2 cloak of Daisies (worn) {Int+3}
   (You found it on level 9 of the Dungeon)

   It affects your intelligence (+3).
 M - a +0 pair of boots (worn)
 U - a +2 helmet of intelligence (worn)
 Z - a scarf of resistance
Jewellery
 p - a +6 ring of strength
 y - a +4 ring of evasion
 A - an amulet of the acrobat {unknown}
 C - a ring of protection from cold (right hand)
 F - the amulet of Fouff (around neck) {rPois rN+ Regen+ Str+4 SInv}
   (You found it on level 12 of the Dungeon)

   [amulet of regeneration]

   It affects your strength (+4).
   It protects you from poison.
   It protects you from negative energy.
   It lets you see invisible.
   It increases your rate of regeneration.
 I - the ring of Surprise (left hand) {rCorr Str+3 Int+2}
   (You found it on level 13 of the Dungeon)

   [ring of resist corrosion]

   It affects your strength (+3).
   It affects your intelligence (+2).
   It provides partial protection from all sources of acid and corrosion.
 S - a +4 ring of protection
 V - a ring of positive energy
Wands
 d - a wand of digging (13)
 r - a wand of mindburst (31)
 u - a wand of iceblast (10)
 G - a wand of random effects (38)
 W - a wand of charming (30)
 X - a wand of polymorph (35)
Scrolls
 b - 6 scrolls of fog
 j - 10 scrolls of teleportation
 k - 6 scrolls of magic mapping
 l - 6 scrolls of immolation
 x - 4 scrolls of enchant weapon
 z - 2 scrolls of fear
 D - 4 scrolls of amnesia
 H - 2 scrolls of torment
 J - 2 scrolls of vulnerability
 N - 2 scrolls of brand weapon
 Q - 3 scrolls of holy word
Potions
 a - 2 potions of magic {unknown}
 c - 5 potions of might
 m - 3 potions of flight
 n - 2 potions of haste
 q - 6 potions of brilliance
 s - a potion of invisibility
 v - 8 potions of attraction
 w - a potion of ambrosia {unknown}
 B - 3 potions of berserk rage
 E - 2 potions of cancellation
 O - 5 potions of mutation
 P - a potion of lignification {unknown}
 T - a potion of resistance {unknown}
Miscellaneous
 Y - a phantom mirror


   Skills:
 - Level 12.4 Fighting
 - Level 11.4 Maces & Flails
 * Level 9.4 Armour
 - Level 13.0 Dodging
 - Level 2.1 Stealth
 - Level 4.0 Shields
 - Level 9.1 Spellcasting
 - Level 5.0 Summonings
 - Level 11.8 Ice Magic
 - Level 10.0 Evocations


You had 14 spell levels left.
You knew the following spells:

 Your Spells              Type           Power        Failure   Level
a - Freeze                Ice            100%         1%          1
b - Frozen Ramparts       Ice            100%         1%          3
c - Summon Ice Beast      Ice/Summ       57%          2%          4
d - Hailstorm             Conj/Ice       46%          2%          4
e - Stone Arrow           Conj/Erth      24%          8%          3
f - Metabolic Englaciati  Hex/Ice        23%          22%         5

Your spell library contained the following spells:

 Spells                   Type           Power        Failure   Level
 Lightning Bolt           Conj/Air       6%           52%         5
 Summon Small Mammal      Summ           100%         1%          1
 Ozocubu's Armour         Ice            68%          1%          3
 Sandblast                Erth           24%          2%          1
 Ignite Poison            Fire/Tmut/Pois 12%          8%          3
 Inner Flame              Hex/Fire       12%          8%          3
 Animate Skeleton         Necr           24%          10%         1
 Apportation              Tloc           24%          10%         1
 Corona                   Hex            13%          10%         1
 Passwall                 Tmut/Erth      10%          14%         2
 Slow                     Hex            12%          14%         2
 Sublimation of Blood     Necr           6%           14%         2
 Confusing Touch          Hex            12%          28%         3
 Gell's Gravitas          Tloc           6%           28%         3
 Portal Projectile        Hex/Tloc       24%          28%         3
 Bolt of Magma            Conj/Fire/Erth 6%           52%         5
 Fireball                 Conj/Fire      6%           52%         5
 Irradiate                Conj/Tmut      6%           52%         5
 Iskenderun's Battlesphe  Conj           12%          52%         5
 Lee's Rapid Deconstruct  Erth           6%           52%         5
 Yara's Violent Unravell  Hex/Tmut       6%           52%         5
 Cause Fear               Hex            6%           67%         4
 Leda's Liquefaction      Hex/Erth       6%           67%         4
 Petrify                  Tmut/Erth      12%          67%         4
 Alistair's Intoxication  Tmut/Pois      8%           95%         5
 Eringya's Noxious Bog    Tmut/Pois      6%           96%         6
 Iron Shot                Conj/Erth      6%           96%         6
 Starburst                Conj/Fire      6%           96%         6
 Spellforged Servitor     Conj/Summ      13%          99%         7
 Orb of Destruction       Conj           6%           100%        7
 Ignition                 Fire           6%           100%        8


Dungeon Overview and Level Annotations

Branches:
Dungeon (15/15)            Temple (1/1) D:6            Lair (6/6) D:8
 Shoals (0/4) Lair:4        Snake (2/4) Lair:2        Slime (0/5) Lair:6
    Orc (2/2) D:10            Elf (0/3) Orc:2        Vaults (0/5) D:14
 Depths (0/5) D:15

Altars:
Ashenzari
Cheibriados
Dithmenos
Elyvilon
Fedhas
Gozag
Hepliaklqana
Kikubaaqudgha
Makhleb
Nemelex Xobeh
Okawaru
Qazlal
Ru
Sif Muna
Trog
Uskayaw
Vehumet
Wu Jian
Xom
Yredelemnul
Zin
The Shining One

Shops:
D:4 (   D:9 !*=*   Orc:2 ***(

Annotations:
D:2 1 runed translucent door, Crazy Yiuf
D:9 exclusion: obsidian statue


Innate Abilities, Weirdness & Mutations

You revert to your normal form in water.
You are very nimble and swift while swimming.
You are very stealthy in the water. (Stealth+)
Your flesh is cold resistant. (rC+)


Message History

The wall freezes the guardian serpent.
The guardian serpent misses you.
The wall freezes the guardian serpent.
The guardian serpent barely misses you.
You feel better.
A black mamba comes into view.
The wall freezes the guardian serpent.
The guardian serpent hits you!
* * * LOW HITPOINT WARNING * * *
The naga sharpshooter gestures wildly while chanting.
You feel better.
Your surroundings seem slightly different.
The frozen ramparts melt away as you move.
Magic restored.
A guardian serpent is nearby!
The guardian serpent coils itself and waves its upper body at you.
The naga sharpshooter blinks into view!
The black mamba blinks into view!
Found a glowing copper ring.
The black mamba barely misses you.
The guardian serpent casts a spell at you.
The naga blinks into view!
The naga sharpshooter spits poison at you.
The splash of poison hits you but does no damage.
You resist. The black mamba bites you!
* * * LOW HITPOINT WARNING * * *
You are poisoned.
The black mamba poisons you!
You fade into invisibility!
You feel sick. The black mamba closely misses you.
The naga sharpshooter shoots a bolt.
The bolt hits you!
* * * LOW HITPOINT WARNING * * *
The naga spits poison at you. The splash of poison misses you.
The black mamba bites you but does no damage.
You are very lightly contaminated with residual magic.
Blink to where?
Press: ? - help, Dir - move target, p - guardian serpent
As you read the scroll of blinking, it crumbles to dust.
You feel sick.
The naga sharpshooter gestures wildly while chanting.
The naga sharpshooter magically shoots a bolt.
The bolt hits you!
You die...

.....# #........)###
=.....##....S####.)##
##. ...#.N#...## #)S.#
#.......#SN..## ##.N.
##.......#.##.## #...
#.........####.# ##..N
#.....#..###...#...##..#
#.....#.##......# #...#
.......@#.......# #....#
.....##>........#.......
.#. #.)......##...#...
#........##.....#
.........## ##........#
.........# ##........#
##.......#


You could see a naga sharpshooter (catching breath) and a black mamba.

Vanquished Creatures
  Jorgrun (D:13)
  Rupert (D:14)
  An orc warlord (Orc:2)
  A very ugly thing (D:12)
  Azrael (Orc:2)
  Nessos (D:14)
  Josephine (Orc:2)
  Harold (Orc:1)
  2 boulder beetles
  5 hydras
  2 centaur warriors
  An anaconda (Snake:2)
  2 ogre magi
  A catoblepas (D:14)
  A merfolk avatar (Lair:6)
  11 two-headed ogres
  A death knight (D:14)
  4 death yaks
  A tengu warrior (D:14)
  An orc high priest (Orc:2)
  A shock serpent (Snake:1)
  Sonja (Lair:1)
  Urug (Lair:1)
  2 unseen horrors
  The ghost of highc0 the Jinx, a novice DEEn of Sif Muna (D:9)
  2 wizards (D:12)
  A lindwurm (Lair:3)
  A deep elf archer (D:15)
  An unseen horror (shapeshifter) (D:14)
  3 orc knights
  A necromancer (D:15)
  2 harpies (Lair:6)
  Pikel (D:8)
  3 oklob plants (Lair:4)
  A deep elf pyromancer (D:13)
  A deep elf zephyrmancer (D:15)
  6 orc sorcerers
  5 cyclopes
  7 ugly things
  10 elephants
  2 manticores
  2 naga magi
  A moth of wrath (D:9)
  11 black mambas
  3 cane toads
  3 gargoyles
  2 efreet
  7 rime drakes
  7 komodo dragons
  A meliai (D:10)
  11 trolls
  8 hornets
  3 polar bears
  A harpy zombie (D:15)
  A slime creature (Lair:6)
  A meliai zombie (D:11)
  5 dream sheep (Lair:6)
  Prince Ribbit (D:8)
  21 blink frogs
  7 wraiths
  A shadow (D:14)
  43 yaks
  Eustachio (D:4)
  5 wyverns
  A basilisk (Lair:6)
  16 humans
  2 fire elementals (Orc:2)
  3 vampire mosquitoes (D:13)
  A warg (Orc:2)
  Edmund (D:5)
  11 nagas
  An acid dragon (D:13)
  4 hell hounds (Orc:2)
  13 water moccasins
  3 sky beasts
  23 orc warriors
  A hornet zombie (D:9)
  Duvessa (D:5)
  5 black bears
  3 ice beasts
  A necrophage (D:15)
  38 wolves
  10 ogres
  An eye of draining (D:13)
  8 centaurs
  2 kobold brigands
  A wyvern zombie (D:10)
  16 bullfrogs
  A gnoll sergeant (Orc:1)
  Dowan (D:5)
  A hornet simulacrum (D:15)
  2 scorpions
  17 killer bees
  4 wights (D:11)
  2 howler monkeys
  2 centaur zombies
  A quasit (D:9)
  8 centaur skeletons
  9 hounds
  6 jellies
  4 bullfrog skeletons
  26 orc priests
  2 iguanas
  33 orc wizards
  5 hell rats (Lair:6)
  12 worker ants
  Terence (D:2)
  A statue (D:6)
  A nameless horror (Lair:6)
  3 hound skeletons
  2 worker ant zombies
  11 gnolls
  11 adders
  3 shadow imps
  3 ufetubi
  3 oozes (D:2)
  4 adder skeletons
  2 worms
  4 dart slugs
  6 leopard geckos
  84 orcs
  12 giant cockroaches
  3 goblins
  5 hobgoblins
  9 jackals
  18 kobolds
  6 quokkas
  A ball python (D:1)
  8 bats
  5 frilled lizards
  A quokka skeleton (D:5)
  10 rats
758 creatures vanquished.

Vanquished Creatures (collateral kills)
  A boulder beetle (Lair:5)
  A catoblepas (Lair:2)
  A hydra (Lair:6)
  A centaur warrior (D:14)
  A lindwurm (Lair:4)
  An oklob plant (Lair:4)
  8 elephants (Lair:6)
  2 black mambas
  A komodo dragon (Lair:2)
  2 rime drakes
  A polar bear (Lair:6)
  2 wind drakes
  A blink frog (Lair:1)
  A wyvern (Lair:6)
  2 water moccasins
  2 ice beasts
  A necrophage (D:10)
  2 ogres
  2 centaurs (D:9)
  A phantom (D:10)
  A bullfrog (Lair:5)
  A wyvern skeleton (D:7)
  2 scorpions (D:8)
  A killer bee (D:10)
  5 wights (D:10)
  2 howler monkeys (D:10)
  A bullfrog zombie (D:10)
  A centaur skeleton (D:8)
  2 hounds
  A jelly (Lair:6)
  A gnoll (D:8)
  A white imp (D:10)
  An adder skeleton (D:9)
  An orc (D:6)
55 creatures vanquished.

Vanquished Creatures (others)
  A naga (Snake:1)
  A bush (Lair:6)
  90 fungi
  145 plants
237 creatures vanquished.

Grand Total: 1050 creatures vanquished

Notes
Turn   | Place    | Note
-------+----------+-------------------------------------------
     0 | D:1      | Nattfarinn the Merfolk Ice Elementalist began the quest for
                  | the Orb.
     0 | D:1      | Reached XP level 1. HP: 13/13 MP: 3/3
   217 | D:1      | Reached XP level 2. HP: 19/19 MP: 3/5
   569 | D:1      | Reached skill level 5 in Ice Magic
   791 | D:1      | Reached XP level 3. HP: 21/24 MP: 2/6
  1401 | D:2      | Reached XP level 4. HP: 24/30 MP: 5/8
  1520 | D:2      | Noticed Terence
  1526 | D:2      | Learned a level 3 spell: Frozen Ramparts
  1572 | D:2      | Killed Terence
  1675 | D:2      | Found a shimmering altar of Xom.
  1676 | D:2      | Found a shimmering altar of Xom.
  1676 | D:2      | Found a shimmering altar of Xom.
  1677 | D:2      | Found a shimmering altar of Xom.
  1677 | D:2      | Found a shimmering altar of Xom.
  1677 | D:2      | Found a shimmering altar of Xom.
  1678 | D:2      | Found a shimmering altar of Xom.
  1678 | D:2      | Found a shimmering altar of Xom.
  1679 | D:2      | Found a shimmering altar of Xom.
  2216 | D:2      | Found a faded altar of an unknown god.
  2369 | D:2      | Reached XP level 5. HP: 35/35 MP: 5/9
  2705 | D:2      | Found a runed translucent door.
  2706 | D:2      | Noticed Crazy Yiuf
  3206 | D:3      | Reached XP level 6. HP: 31/41 MP: 5/11
  3838 | D:3      | Found Zin's Purification Station.
  3838 | D:3      | Found a glowing silver altar of Zin.
  3846 | D:3      | Bought a potion of curing for 90 gold pieces
  4113 | D:3      | Reached skill level 3 in Dodging
  4560 | D:3      | Reached skill level 1 in Fighting
  4667 | D:4      | Noticed Eustachio
  4734 | D:4      | Killed Eustachio
  4735 | D:4      | Reached skill level 4 in Dodging
  4735 | D:4      | Reached XP level 7. HP: 50/50 MP: 1/13
  4943 | D:4      | Reached skill level 5 in Dodging
  5251 | D:4      | Reached skill level 6 in Dodging
  5397 | D:4      | Reached XP level 8. HP: 45/58 MP: 10/14
  5644 | D:4      | Reached skill level 7 in Dodging
  5704 | D:4      | Found Woeqor's Antique Weapon Shop.
  5840 | D:5      | Entered Level 5 of the Dungeon
  5840 | D:5      | Noticed Edmund
  5840 | D:5      | Noticed Duvessa
  5840 | D:5      | Noticed Dowan
  5962 | D:4      | Learned a level 4 spell: Summon Ice Beast
  6018 | D:5      | Killed Edmund
  6020 | D:5      | Killed Duvessa
  6028 | D:5      | Killed Dowan
  6525 | D:5      | Found a sparkling altar of Nemelex Xobeh.
  6679 | D:5      | Reached skill level 5 in Summonings
  6991 | D:5      | Found a bloodstained altar of Trog.
  7143 | D:6      | Reached XP level 9. HP: 65/65 MP: 8/16
  7248 | D:6      | Reached skill level 1 in Shields
  7691 | D:6      | Found a staircase to the Ecumenical Temple.
  7713 | Temple   | Entered the Ecumenical Temple
  7990 | D:6      | Found a radiant altar of Vehumet.
  8082 | D:6      | Found a snail-covered altar of Cheibriados.
  8895 | D:7      | Reached skill level 10 in Ice Magic
  8918 | D:7      | Reached skill level 1 in Armour
  9178 | D:8      | Noticed Prince Ribbit
  9259 | D:8      | Killed an unseen horror
  9260 | D:8      | Reached XP level 10. HP: 37/71 MP: 4/17
  9490 | D:8      | Found a stormy altar of Qazlal.
  9817 | D:8      | Killed Prince Ribbit
  9830 | D:8      | Reached skill level 5 in Armour
  9920 | D:8      | Noticed Pikel
  9929 | D:8      | Killed Pikel
 10164 | D:8      | Found a staircase to the Lair.
 10491 | D:9      | Found a transporter.
 10494 | D:9      | Noticed highc0's ghost (novice DEEn)
 10494 | D:9      | Noticed a moth of wrath
 10585 | D:9      | Found Bousaneng's Jewellery Emporium.
 10648 | D:9      | Found a burning altar of Makhleb.
 10861 | D:6      | Became a worshipper of Vehumet
 11177 | D:9      | Found Plog's General Store.
 11206 | D:9      | Bought 2 potions of mutation for 208 gold pieces
 11206 | D:9      | Bought a potion of degeneration for 13 gold pieces
 11415 | D:9      | Found Zeypp's General Store.
 11449 | D:9      | Noticed an obsidian statue
 11560 | D:9      | Found Makh's Distillery.
 11565 | D:9      | Bought a potion of heal wounds for 50 gold pieces
 11565 | D:9      | Bought a potion of mutation for 80 gold pieces
 11572 | D:9      | Found a transporter.
 11804 | D:9      | Reached XP level 11. HP: 76/76 MP: 14/18
 11969 | D:10     | Entered Level 10 of the Dungeon
 12005 | D:10     | Found a staircase to the Orcish Mines.
 12010 | D:10     | Found Xubrir's Weapon Shop.
 12368 | D:10     | Reached * piety under Vehumet
 12368 | D:10     | Offered knowledge of Magic Dart by Vehumet.
 13748 | Lair:1   | Entered Level 1 of the Lair of Beasts
 13748 | Lair:1   | Noticed Urug
 13762 | Lair:1   | Noticed Sonja
 13766 | Lair:1   | Killed Urug
 13767 | Lair:1   | Reached skill level 5 in Fighting
 13768 | Lair:1   | Reached ** piety under Vehumet
 13768 | Lair:1   | Offered knowledge of Shock by Vehumet.
 13772 | Lair:1   | Killed Sonja
 14179 | Lair:1   | Reached XP level 12. HP: 91/95 MP: 12/19
 14334 | Lair:2   | Offered knowledge of Mephitic Cloud by Vehumet.
 14340 | Lair:2   | Reached skill level 10 in Fighting
 14342 | Lair:2   | Reached *** piety under Vehumet
 14424 | Lair:2   | Found a staircase to the Snake Pit.
 14699 | Lair:2   | Offered knowledge of Dazzling Flash by Vehumet.
 14726 | Lair:2   | You fall into a shaft and drop 2 floors!
 14728 | Lair:4   | Upgraded the game from 0.27-a0-396-g03f4e8edb7 to
                  | 0.27-a0-404-g4390dbc5be
 14809 | Lair:3   | Learned a level 4 spell: Hailstorm
 15273 | Lair:2   | Noticed a catoblepas
 15288 | Lair:2   | Killed a catoblepas
 15905 | Lair:3   | Reached skill level 1 in Evocations
 16548 | Lair:4   | Reached skill level 8 in Dodging
 16548 | Lair:4   | Reached **** piety under Vehumet
 16553 | Lair:4   | Offered knowledge of Bolt of Magma by Vehumet.
 16569 | Lair:4   | Reached skill level 5 in Evocations
 16570 | Lair:4   | Reached skill level 9 in Dodging
 16570 | Lair:4   | Reached XP level 13. HP: 53/109 MP: 3/20
 16694 | Lair:4   | Found a staircase to the Shoals.
 17229 | Lair:4   | Got a fine leather armour
 17240 | Lair:4   | Identified the +3 leather armour of Zin's Castigation
                  | {*Drain rElec Int+2} (You found it on level 4 of the Lair
                  | of Beasts)
 17828 | Lair:4   | Learned a level 3 spell: Stone Arrow
 17870 | Lair:5   | Reached skill level 10 in Dodging
 18770 | Lair:6   | Entered Level 6 of the Lair of Beasts
 19088 | Lair:6   | Reached ***** piety under Vehumet
 19088 | Lair:6   | Offered knowledge of Fireball by Vehumet.
 19163 | Lair:6   | Reached skill level 11 in Dodging
 19700 | Lair:6   | Reached skill level 10 in Evocations
 19869 | Lair:6   | Reached skill level 12 in Dodging
 19869 | Lair:6   | Reached XP level 14. HP: 103/116 MP: 7/21
 20223 | Lair:6   | Reached skill level 13 in Dodging
 20265 | Lair:6   | Reached skill level 5 in Spellcasting
 20697 | Lair:6   | Found the +7 great mace "Firestarter" {inner flame, rF++}
 20810 | Lair:6   | Found a staircase to the Slime Pits.
 21817 | D:11     | Paralysed by a hornet for 3 turns
 21822 | D:11     | Paralysed by a hornet for 3 turns
 22469 | D:12     | Reached XP level 15. HP: 122/122 MP: 27/27
 22643 | D:12     | You fall into a shaft and drop 1 floor!
 22676 | D:12     | Reached skill level 1 in Maces & Flails
 23267 | D:12     | Got a heavily runed tin amulet
 23278 | D:12     | Identified the amulet of Fouff {rPois rN+ Regen+ Str+4
                  | SInv} (You found it on level 12 of the Dungeon)
 23373 | D:13     | Offered knowledge of Airstrike by Vehumet.
 23383 | D:13     | Noticed Jorgrun
 23389 | D:13     | Killed Jorgrun
 23568 | D:13     | Found a shimmering altar of Xom.
 23591 | D:13     | Reached skill level 5 in Maces & Flails
 23727 | D:13     | Got a bound lapis lazuli ring
 24121 | D:14     | Found a gate to the Vaults.
 24121 | D:14     | Noticed Rupert
 24122 | D:14     | Paralysed by Rupert for 4 turns
 24259 | D:14     | Noticed Nessos
 24262 | D:14     | Killed Nessos
 24263 | D:14     | Reached XP level 16. HP: 127/129 MP: 27/29
 24425 | D:14     | Noticed Louise
 24431 | D:14     | Noticed Louise
 24431 | D:14     | Louise changed into Louise the seven-headed hydra
 24438 | D:14     | Killed Louise the seven-headed hydra
 24804 | D:14     | Found a sacrificial altar of Ru.
 25106 | D:14     | Killed Rupert
 25268 | D:14     | Learned a level 5 spell: Metabolic Englaciation
 25511 | D:15     | Entered Level 15 of the Dungeon
 25924 | D:15     | Gained mutation: Your flesh is cold resistant. (rC+) [a
                  | neqoxec]
 26093 | D:15     | Found a staircase to the Depths.
 26117 | D:15     | Reached skill level 10 in Maces & Flails
 26596 | Orc:1    | Entered Level 1 of the Orcish Mines
 26891 | Orc:1    | Noticed Harold
 26898 | Orc:1    | Killed Harold
 27029 | Orc:2    | Entered Level 2 of the Orcish Mines
 27075 | Orc:2    | Reached ****** piety under Vehumet
 27079 | Orc:2    | Offered knowledge of Lightning Bolt by Vehumet.
 27120 | Orc:2    | Identified the ring of Surprise {rCorr Str+3 Int+2} (You
                  | found it on level 13 of the Dungeon)
 27237 | Orc:2    | Found a staircase to the Elven Halls.
 27561 | Orc:2    | Noticed Josephine
 27570 | Orc:2    | Killed Josephine
 27574 | Orc:2    | Noticed Azrael
 27583 | Orc:2    | Killed Azrael
 27796 | Orc:2    | Reached XP level 17. HP: 101/135 MP: 30/30
 27892 | Orc:2    | Found a shimmering altar of Xom.
 27966 | Orc:2    | Found Qagoveck's General Store.
 27966 | Orc:2    | Found Howy's Assorted Antiques.
 27967 | Orc:2    | Found Kailid's Weapon Shoppe.
 27971 | Orc:2    | Found Zomen's Assorted Antiques.
 27982 | Orc:2    | Bought the +1 scale mail of Qomeijal {rN+ Will+ Str+7} for
                  | 688 gold pieces
 28332 | D:9      | Killed highc0's ghost
 28378 | D:9      | Got a shimmering cloak
 28389 | D:9      | Identified the +2 cloak of Daisies {Int+3} (You found it on
                  | level 9 of the Dungeon)
 28962 | Snake:1  | Entered Level 1 of the Snake Pit
 29012 | Snake:1  | Got a transparent dagger
 29013 | Snake:1  | Identified the +3 dagger "ETAOIN SHRDLU" {speed, rN+} (You
                  | found it on level 1 of the Snake Pit)
 29017 | Snake:1  | You fall into a shaft and drop 1 floor!
 29208 | Snake:1  | Shot with a bolt by a naga sharpshooter

Illustrated notes

Levels and vault maps discovered:
D:1:      tarquinn_simple_flora_water_a, layout_loops_ring
D:2:      layout_basic, xom_redecorated, chequers_ecumenical_altar_twisty,
          minivault_23, nrook_loot_triangle, serial_bayou_pond_c,
          minmay_randomly_rotated_circles, uniq_crazy_yiuf_cottage, uniq_terence
D:3:      layout_basic, zin_purify, serial_curves, eino_curves_03,
          eino_curves_02, eino_curves_03, eino_curves_04
D:4:      minmay_diamond_boxcup, layout_rooms, serial_shops,
          kennysheep_little_box, uniq_eustachio
D:5:      layout_rooms, lightli_temple_of_fire,
          nemelex_xobeh_ov_fountains_minmay, serial_corexii_hall,
          corexii_hall_statues_x, corexii_hall_statues_deadend,
          corexii_hall_statues_x, corexii_hall_statues_l,
          chequers_hall_statues_wall_a, corexii_hall_statues_u, uniq_edmund,
          uniq_duvessa
D:6:      layout_basic, kennysheep_slug_shrine, vehumet_statue,
          minmay_temple_entry_statues_pillars
D:7:      layout_rooms, serial_glass, glass_columns_a, glass_columns_a,
          glass_columns_a, glass_columns_b, glass_columns_a, glass_columns_a,
          glass_columns_c, glass_columns_b, glass_columns_a, glass_columns_a,
          minmay_strange_pillars, feat_on_display, minmay_alternating_orb
D:8:      layout_rooms, due_lair_maze_entry_diamond, basic_altar,
          uniq_prince_ribbit1, uniq_pikel
D:9:      layout_stronghold, gammafunk_ghost_berserking_beasts, basic_altar,
          serial_shops, shop, nicolae_shop_waterfront, nicolae_shop_statue_plus,
          shop, minmay_protected_statue
D:10:     cheibrodos_ideogram_h, layout_basic, serial_shops, nicolae_shop_trees
D:11:     minmay_evil_eye, layout_cave_pools
D:12:     cheibrodos_breeding_chamber, layout_small_grid
D:13:     layout_basic, basic_altar, uniq_jorgrun
D:14:     layout_cross, david_vaults_3, nicolae_ru_sacrificial_ziggurat,
          uniq_nessos, uniq_louise
D:15:     grunt_enter_depths_magical_seal, layout_basic, grunt_decor_arrowhead
Temple:   eino_temple_scatter_basement
Lair:1:   layout_cave_shapes, uniq_urug, uniq_sonja
Lair:2:   layout_loops_ring, guppyfry_snake_entry_garden,
          chequers_serial_rivers_large_b, grunt_forest_large_clearings,
          infiniplex_staircase_pool_2
Lair:3:   layout_chaotic_city, minivault_26
Lair:4:   layout_cave_shapes, minmay_shoals_entry_beasts,
          cheibrodos_lair_reptile_den, minmay_lair_oklob_chamber
Lair:5:   layout_regular_city, enter_volcano_2, grunt_megastairs_3
Lair:6:   gammafunk_lair_ancient_temple, layout_loops_ring,
          minmay_slime_entry_pillars
Snake:1:  layout_chambers
Snake:2:  layout_misc_corridors, serial_shops, shop
Orc:1:    layout_caves, uniq_harold
Orc:2:    st_orc_mages, layout_caves, nicolae_orc_pool_cavern,
          lemuel_statue_altar, uniq_josephine, uniq_azrael

Skill      XL: |  1  2  3  4  5  6  7  8  9 10 11 12 13 14 15 16 17 |
---------------+----------------------------------------------------+-----
Ice Magic      | 5 6 7 10 11 | 11.8
Spellcasting   | 3 4 8 9 |  9.1
Dodging        | 4 6 7 9 12 13 | 13.0
Fighting       | 2 3 9 12 | 12.4
Summonings     | 5 |  5.0
Shields        | 4 |  4.0
Armour         | 3 7 8 9 |  9.4
Evocations     | 5 10 | 10.0
Maces & Flails | 5 11 | 11.4
Stealth        | |  2.1

Action                   |  1- 3 |  4- 6 |  7- 9 | 10-12 | 13-15 | 16-18 || total
-------------------------+-------+-------+-------+-------+-------+-------++-------
Melee: Unarmed           |    19 |       |       |       |       |       ||    19
       Short sword       |     1 |     5 |    14 |       |       |       ||    20
       Dagger            |       |       |   221 |   333 |   274 |       ||   828
       Tailslap          |       |       |     1 |     6 |     7 |       ||    14
       Great mace        |       |       |       |       |   109 |   314 ||   423
 Cast: Freeze            |    40 |    56 |    53 |    52 |   139 |     8 ||   348
       Frozen Ramparts   |       |    15 |    52 |    73 |    93 |    52 ||   285
       Summon Ice Beast  |       |       |    10 |    62 |    43 |     8 ||   123
       Hailstorm         |       |       |       |     8 |     2 |       ||    10
       Stone Arrow       |       |       |       |       |    17 |    19 ||    36
Evoke: Wand              |       |       |       |       |     9 |    35 ||    44
  Use: Scroll            |       |       |    13 |     9 |     9 |     6 ||    37
       Potion            |       |       |       |     3 |     7 |    12 ||    22
 Stab: Sleeping          |       |     3 |     2 |     2 |     2 |       ||     9
       Distracted        |       |       |     3 |     1 |     6 |       ||    10
       Paralysed         |       |       |       |       |       |     2 ||     2
       Fleeing           |       |       |       |       |       |     1 ||     1
Armor: Robe              |     8 |     9 |     3 |       |       |       ||    20
       Leather armour    |       |       |    83 |   129 |   230 |    98 ||   540
       Scale mail        |       |       |       |       |       |    21 ||    21
Dodge: Dodged            |    25 |    39 |   226 |   365 |   637 |   367 ||  1659
Block: Buckler           |       |       |       |   109 |   128 |       ||   237

Table legend: (Time is in decaauts)
 A = Elapsed time spent in this place.
 B = Non-inter-level travel time spent in this place.
 C = Inter-level travel time spent in this place.
 D = Time resting spent in this place.
 E = Time spent auto-exploring this place.
 F = Levels seen in this place.
 G = Mean time per level.
                   A        B        C        D        E       F      G
               +--------+--------+--------+--------+--------+-----+--------+
         Total |  29169 |  27152 |   2017 |   6232 |  15316 |  26 | 1121.9 |
       Dungeon |  18797 |  17461 |   1336 |   4061 |   9927 |  15 | 1253.1 |
        Temple |    215 |    206 |      9 |      0 |    206 |   1 |  215.0 |
          Lair |   8218 |   7659 |    559 |   1844 |   4245 |   6 | 1369.7 |
     Snake Pit |    248 |    231 |     17 |     78 |     48 |   2 |  124.0 |
  Orcish Mines |   1689 |   1595 |     94 |    249 |    889 |   2 |  844.5 |
               +--------+--------+--------+--------+--------+-----+--------+

Top non-repeatable levels by time:
  Lair:6: 2321 daAuts
    D:10: 1794 daAuts
     D:3: 1793 daAuts
     D:2: 1735 daAuts
  Lair:5: 1668 daAuts
  Lair:4: 1643 daAuts
     D:9: 1530 daAuts
     D:4: 1363 daAuts
  Lair:2: 1250 daAuts
   Orc:2: 1229 daAuts
     D:6: 1187 daAuts
     D:8: 1175 daAuts
    D:14: 1170 daAuts
     D:1: 1170 daAuts
    D:13: 1129 daAuts
